 Dungeon Crawl Stone Soup version 0.29-a0-609-gb56f46d856 (webtiles) character file.

Game seed: 12763038544596846735

221 Querens the Shield-Bearer (level 6, -3/53 HPs)
             Began as a Meteoran Fighter on June 16, 2022.
             Slain by an orc
             ... wielding a +0 mace
              (4 damage)
             ... on level 4 of the Dungeon.
             The game lasted 00:05:44 (1429 turns).

Querens the Shield-Bearer (Meteoran Fighter)        Turns: 1429, Time: 00:05:44

Health: -3/53      AC:  1    Str: 21    XL:     6   Next: 42%
Magic:  7/7        EV: 10    Int:  9    God:
Gold:   152        SH:  6    Dex: 19    Spells: 5/5 levels left

rFire   + . .      SeeInvis .   a - +0 war axe
rCold   . . .      Faith    .   c - +0 buckler
rNeg    + . .      Spirit   .   m - +2 ring mail {rF+}
rPois   .          Reflect  .   (no helmet)
rElec   .          Harm     .   o - +0 cloak
rCorr   .          Rampage  .   (no gloves)
Will    .....                   (no boots)
Stlth   +.........              (no amulet)
HPRegen 0.17/turn               r - +6 ring of dexterity
MPRegen 0.10/turn               h - ring of positive energy

@: corroded, glowing, invisible (but backlit and visible)
A: sense surroundings 1, otherworldly, glowing, explore regen
a: no special abilities


You were on level 4 of the Dungeon.
You visited 1 branch of the dungeon, and saw 4 of its levels.

You collected 152 gold pieces.

Inventory:

Hand Weapons
 a - a +0 war axe (weapon)
Armour
 c - a +0 buckler (worn)
 m - a +2 ring mail of fire resistance (worn)
 o - a +0 cloak (worn)
Jewellery
 h - a ring of positive energy (right hand)
 r - a +6 ring of dexterity (left hand)
Wands
 l - a wand of charming (8)
Scrolls
 b - 2 scrolls of identify {unknown}
 g - a scroll of amnesia {unknown}
 j - a scroll of torment {unknown}
 n - a scroll of blinking {unknown}
 q - a scroll of fog {unknown}
Potions
 d - a potion of might
 e - a potion of curing {unknown}
 f - a potion of ambrosia {unknown}
 i - a potion of mutation {unknown}
 k - a potion of invisibility
 p - a potion of attraction {unknown}


   Skills:
 + Level 4.5 Fighting
 + Level 4.1 Axes
 + Level 5.0 Armour
 + Level 5.0 Shields


You had 5 spell levels left.
You didn't know any spells.
Your spell library contained the following spells:

 Spells                   Type           Power      Damage    Failure   Level
 Magic Dart               Conj           0%         1d3       63%         1
 Call Imp                 Summ           0%         N/A       77%         2
 Mephitic Cloud           Conj/Pois/Air  0%         N/A       94%         3


Dungeon Overview and Level Annotations

Branches:
Dungeon (4/15) Zot: 916
 Temple: D:4-7

Altars:

Annotations:
D:4 Edmund


Innate Abilities, Weirdness & Mutations

You passively map a small area around you.
You are easily found by Zot.
You glow in the dark.
You regain HP and MP as you explore.


Message History

Unknown command.
You hit the jelly but do no damage.
Your hands burn!
The jelly is moderately wounded.
You barely miss the orc. The jelly barely misses you.
You block the orc's attack.
Unknown command.
Unknown command.
Unknown command.
You hit the jelly.
Your hands burn!
The jelly is heavily wounded.
You hit the orc. The jelly hits you. The acid corrodes you!
You are splashed with acid!
The orc hits you with a +0 mace!
Unknown command.
Unknown command.
You hit the jelly but do no damage.
Your hands burn!
The jelly is heavily wounded.
You barely miss the orc. The jelly hits you.
You are splashed with acid!
The orc closely misses you. The jelly completely misses you.
Unknown command.
Unknown command.
Unknown command.
You hit the jelly but do no damage.
Your hands burn!
* * * LOW HITPOINT WARNING * * *
The jelly is heavily wounded.
You closely miss the orc. You barely miss the kobold.
The jelly hits you but does no damage. The orc hits you with a +0 mace!
* * * LOW HITPOINT WARNING * * *
The kobold hits you with a +0 dagger.
* * * LOW HITPOINT WARNING * * *
Unknown command.
Unknown command.
Okay, then.
It was a potion of invisibility.
You become transparent, but the glow from your body prevents you from becoming completely invisible.
The jelly hits you but does no damage. The orc barely misses you.
You block the kobold's attack. The orc attacks as you move away!
You block the orc's attack. The jelly attacks as you move away!
You block the jelly's attack. The orc attacks as you move away!
The orc hits you with a +0 mace.
You die...

###.####.####* * **
#....@....... , , *
#.##.....###* * #.
#......# * , #
######.# ,# * * #.# .#
, * #.# .# * , *
*.#######.######.####>
.......†.....@.......
,
###########[oJ......#
###K.......[# *
#o..........# , *
#o#.........# , , , ,
...##.#######. , ,
#..## .... , ,, #.#
#....#* ,,, , ,, ,...
#......


You could see a jelly, 3 orcs and a kobold.

Vanquished Creatures
  A bullfrog (D:3)
  3 orc wizards (D:3)
  2 adders
  A worm (D:2)
  5 orcs (D:3)
  4 ball pythons
  4 bats
  5 endoplasms
  A giant cockroach (D:3)
  5 goblins
  5 hobgoblins
  5 jackals (D:1)
  4 quokkas (D:1)
  4 frilled lizards
  4 kobolds (D:1)
  4 rats
57 creatures vanquished.

Notes
Turn   | Place    | Note
-------+----------+-------------------------------------------
     0 | D:1      | Querens the Meteoran Fighter began the quest for the Orb.
     0 | D:1      | Reached XP level 1. HP: 19/19 MP: 2/2
    41 | D:1      | Reached XP level 2. HP: 18/26 MP: 3/3
   141 | D:1      | Reached XP level 3. HP: 29/31 MP: 4/4
   479 | D:1      | Glimpsed the power of Zot.
   535 | D:2      | Found a faded altar of an unknown god.
   677 | D:2      | Reached XP level 4. HP: 39/40 MP: 5/5
  1015 | D:3      | Reached XP level 5. HP: 16/46 MP: 6/6
  1138 | D:3      | Noticed a bullfrog
  1147 | D:3      | Killed a bullfrog
  1148 | D:3      | Reached XP level 6. HP: 44/53 MP: 7/7
  1207 | D:3      | Reached skill level 5 in Shields
  1382 | D:4      | Noticed Edmund
  1410 | D:4      | Reached skill level 5 in Armour
  1424 | D:4      | HP: 1/53 [kobold/+0 dagger (4)]
  1429 | D:4      | Slain by an orc

Illustrated notes

Levels and vault maps discovered:
D:1:      wander_arrival_chamber, layout_loops_cross, minmay_quantized
D:2:      layout_basic, serial_corexii_hall, chequers_hall_statues_wall_a,
          chequers_hall_statues_y, chequers_hall_statues_wall_a,
          chequers_hall_statues_corner_a, dreamdust_ecumenical_altar_grove,
          serial_bayou_crossing
D:3:      layout_basic, grunt_decor_one_mirror
D:4:      layout_rooms, mainiacjoe_overflow_paths, zin_treasury, uniq_edmund,
          uniq_crazy_yiuf_cottage, uniq_blork_the_orc

Skill      XL: |  1  2  3  4  5  6 |
---------------+-------------------+-----
Shields        | 4 5 |  5.0
Armour         | 4 5 |  5.0
Axes           | 3 4 |  4.1
Fighting       | 4 |  4.5

Action                   |  1- 3 |  4- 6 || total
-------------------------+-------+-------++-------
Melee: War axe           |    71 |    76 ||   147
Evoke: Wand              |       |     3 ||     3
  Use: Potion            |       |     1 ||     1
Armor: Scale mail        |    31 |     5 ||    36
       Ring mail         |       |    44 ||    44
Dodge: Dodged            |    31 |    34 ||    65
Block: Buckler           |    14 |    18 ||    32

Table legend: (Time is in decaauts)
 A = Elapsed time spent in this place.
 B = Non-inter-level travel time spent in this place.
 C = Inter-level travel time spent in this place.
 D = Time resting spent in this place.
 E = Time spent auto-exploring this place.
 F = Levels seen in this place.
 G = Mean time per level.
                   A        B        C        D        E       F      G
               +--------+--------+--------+--------+--------+-----+--------+
         Total |   1483 |   1418 |     65 |      0 |      0 |   4 |  370.8 |
       Dungeon |   1483 |   1418 |     65 |      0 |      0 |   4 |  370.8 |
               +--------+--------+--------+--------+--------+-----+--------+

Top non-repeatable levels by time:
     D:1: 501 daAuts
     D:2: 494 daAuts
     D:3: 429 daAuts
     D:4: 58 daAuts
